 Dungeon Crawl Stone Soup version 0.18-a0-1666-g3ea6f2b (webtiles) character file.

91 Yawgmoth the Digger (level 4, -3/27 HPs)
             Began as a Gargoyle Earth Elementalist on Mar 31, 2016.
             Slain by an orc
             ... wielding a +0 flail
              (4 damage)
             ... on level 3 of the Dungeon.
             The game lasted 00:06:40 (1787 turns).

Yawgmoth the Digger (Gargoyle Earth Elementalist)   Turns: 1787, Time: 00:06:41

Health: -3/27      AC:  5    Str: 11    XL:     4   Next: 57%
Magic:  3/8        EV: 12    Int: 17    God:
Gold:   103        SH:  0    Dex: 10    Spells: 1 memorised, 7 levels left

rFire  . . .     SeeInvis +     b - 15 stones
rCold  . . .     Gourm    .     a - +0 robe
rNeg   + . .     Faith    .     (no shield)
rPois  ∞         Spirit   .     (no helmet)
rElec  +         Dismiss  .     (no cloak)
rCorr  .         Reflect  .     (no gloves)
SustAt .         Harm     .     (no boots)
MR     .....                    (no amulet)
Stlth  ++........               (no ring)
                                f - ring of see invisible

@: slowed, very slow, not resistant to hostile enchantments, unstealthy
A: negative energy resistance 1, electricity resistance, unbreathing,
petrification resistance, rot immunity, AC +3
a: no special abilities


You were on level 3 of the Dungeon.
You were not hungry.

You visited 1 branch of the dungeon, and saw 3 of its levels.

You collected 103 gold pieces.

Inventory:

Hand Weapons
 e - a +0 dagger
 q - a +0 hand axe
 u - a +0 spear
Missiles
 b - 15 stones (in hand)
 t - 8 tomahawks
Armour
 a - a +0 robe (worn)
 g - a +0 chain mail
Jewellery
 f - a ring of see invisible (left hand)
 p - an uncursed amulet of guardian spirit
Scrolls
 j - 2 scrolls of enchant armour {unknown}
 k - 3 scrolls of identify {unknown}
 l - a scroll of recharging {unknown}
 n - 2 scrolls of amnesia {unknown}
 r - 2 scrolls of remove curse {unknown}
 v - a scroll of noise {unknown}
Potions
 h - a potion of curing {unknown}
 i - a potion of brilliance {unknown}
 s - a potion of ambrosia {unknown}
Books
 c - a book of Geomancy

   Spells                             Type                      Level
   a - Sandblast                      Earth                        1
   b - Passwall                       Transmutation/Earth          2
   c - Stone Arrow                    Conjuration/Earth            3
   d - Petrify                        Transmutation/Earth          4
   e - Lee's Rapid Deconstruction     Earth                        5
Comestibles
 d - 2 bread rations
 m - 4 fruits
 o - a meat ration


   Skills:
 + Level 2.3 Fighting
 - Level 1.7 Dodging
 - Level 2.2 Stealth
 + Level 2.8 Spellcasting
   Level 0.7 Transmutations
 + Level 4.6 Earth Magic


You had 7 spell levels left.
You knew the following spells:

 Your Spells              Type           Power        Failure   Level  Hunger
a - Sandblast             Erth           ###...       2%          1    #......


Dungeon Overview and Level Annotations

Branches:
Dungeon (3/15)

Altars:

Annotations:
D:3 Vojta's ghost, amateur HEIE


Innate Abilities, Weirdness & Mutations

You are resistant to torment.
Your stone body is resilient (AC +3).
You are immune to poison.
You resist negative energy.
You are resistant to electric shocks.
You can survive without breathing.
You are immune to petrification.
You are immune to rotting.


Message History

The rocky blast hits the orc.
The orc is severely wounded.
The orc hits you with a flail!
* * * LOW HITPOINT WARNING * * *
Casting: Sandblast
Confirm with . or Enter, or press ? or * to list all spells.
Aiming: Sandblast
Press: ? - help, Shift-Dir - straight line, f/p - orc
Aim: an orc, wielding a flail and wearing a leather armour (severely wounded)
The rocky blast misses the orc.
The rocky blast hits the giant newt.
You kill the giant newt!
The orc barely misses you. The orc misses you.
Casting: Sandblast
Confirm with . or Enter, or press ? or * to list all spells.
Aiming: Sandblast
Press: ? - help, Shift-Dir - straight line, f/p - orc
Aim: an orc, wielding a flail and wearing a leather armour (severely wounded)
The rocky blast misses the orc.
The rocky blast hits Vojta's ghost.
The orc hits you with a flail.
You die...

#..# # #[.#
#..###.)######
#....[.......#
##.###W.# #.#
...W...o# #.#
#..####.# #.#
#.[####o####.##
#......Wo@....#
...####.####..#
##.##....#
...##.##.#
#..##.##.#
#..##.##.# ##..
#..##.##.# ..
..... #..##.##.#
.
.###.##.>##[##.#


You could see Vojta's ghost and 2 orcs.

Vanquished Creatures
  An orc wizard (D:3)
  2 adders
  An ooze (D:2)
  A worm (D:2)
  2 giant geckos (D:1)
  4 bats
  A giant cockroach (D:1)
  7 goblins
  5 hobgoblins
  3 giant newts
  4 kobolds
  6 rats
37 creatures vanquished.

Notes
Turn   | Place    | Note
--------------------------------------------------------------
     0 | D:1      | Yawgmoth the Gargoyle Earth Elementalist began the quest for the Orb.
     0 | D:1      | Reached XP level 1. HP: 10/10 MP: 3/3
   241 | D:1      | Reached XP level 2. HP: 16/16 MP: 5/5
   583 | D:1      | Reached skill level 1 in Fighting
   734 | D:1      | Reached skill level 4 in Earth Magic
   835 | D:1      | Reached XP level 3. HP: 20/20 MP: 6/6
  1530 | D:2      | Found a faded altar to an unknown god.
  1745 | D:3      | Reached XP level 4. HP: 23/26 MP: 6/8
  1779 | D:3      | Noticed Vojta's ghost (amateur HEIE)
  1785 | D:3      | HP: 1/27 [orc/flail (7)]
  1787 | D:3      | Slain by an orc

Vault maps used:
D:1:      eino_arrival_tree_alley, serial_corexii_hall, corexii_hall_statues_x,
          corexii_hall_statues_u, corexii_hall_statues_s,
          corexii_hall_statues_l, serial_bayou_ford_a, serial_park_tiny_2
D:2:      ecumenical_altar_2
D:3:      first_bread

Skill      XL: |  1  2  3 |
---------------+----------+-----
Fighting       | 1 2 |  2.3
Earth Magic    | 4 |  4.6
Dodging        | |  1.7
Stealth        | |  2.2
Spellcasting   | |  2.8
Transmutations | |  0.7

Action                   |  1- 3 |  4- 6 || total
-------------------------+-------+-------++-------
Melee: Dagger            |   120 |       ||   120
       Spear             |    16 |       ||    16
 Cast: Sandblast         |    16 |     6 ||    22
 Stab: Sleeping          |     3 |       ||     3
       Distracted        |     1 |       ||     1
  Eat: Chunk             |     3 |       ||     3
